| TOP OF THE 1ST |
|
Chicago (APP) Cubs batting - Pitching for Miami (APP) Marlins : RHP Santiago Navarro
|
|
Pitching: RHP Santiago Navarro
|
|
|
Batting: SHB Jim Lloyd
|
0-0: Ball 1-0: Ball 2-0: Called Strike 2-1: Called Strike 2-2: Ball 3-2: Foul Ball, location: 2F 3-2: Strikes out looking
|
|
Batting: RHB Andy Villarreal
|
0-0: Ground out 4-3 (Groundball, 4, EV 84.4 MPH)
|
|
Batting: LHB Jose Mafano
|
0-0: Foul Ball, location: 2F 0-1: Ground out 6-3 (Groundball, 6M, EV 87.5 MPH)
|
| Top of the 1st over - 0 runs, 0 hits, 0 errors, 0 left on base; Chicago (APP) 0 - Miami (APP) 0 |
| BOTTOM OF THE 1ST |
|
Miami (APP) Marlins batting - Pitching for Chicago (APP) Cubs : RHP Masato Iwase
|
|
Pitching: RHP Masato Iwase
|
|
|
Batting: RHB Torquato Uso
|
0-0: Foul Ball, location: 2F 0-1: Ground out U3 (Groundball, 34S, EV 83.1 MPH)
|
|
Batting: RHB Terrell Smith
|
0-0: Ball 1-0: Ball 2-0: Ball 3-0: Base on Balls
|
|
Batting: RHB Clark Meagher
|
0-0: Ball 1-0: Swinging Strike 1-1: Ball 2-1: Called Strike 2-2: 2-RUN HOME RUN (Flyball, 7LD, EV 95.0 MPH), Distance : 355 ft
|
|
Batting: LHB Tony Olmos
|
0-0: Ball 1-0: Swinging Strike 1-1: Foul Ball, location: 2F 1-2: Ball 2-2: Ball 3-2: Strikes out swinging
|
|
Batting: RHB David Martin
|
0-0: Swinging Strike 0-1: Called Strike 0-2: Fly out, F7 (Line Drive, 7, EV 110.0 MPH)
|
| Bottom of the 1st over - 2 runs, 1 hit, 0 errors, 0 left on base; Chicago (APP) 0 - Miami (APP) 2 |
| TOP OF THE 2ND |
|
Chicago (APP) Cubs batting - Pitching for Miami (APP) Marlins : RHP Santiago Navarro
|
|
Batting: RHB Andy Baumhardt
|
0-0: Ground out 5-3 (Groundball, 56S, EV 77.5 MPH)
|
|
Batting: RHB Jorge Gonzalez
|
0-0: Fly out, F9 (Flyball, 9, EV 88.1 MPH)
|
|
Batting: RHB Lencho Otieno
|
0-0: Ball 1-0: Fly out, F8 (Flyball, 78D, EV 100.0 MPH)
|
| Top of the 2nd over - 0 runs, 0 hits, 0 errors, 0 left on base; Chicago (APP) 0 - Miami (APP) 2 |
| BOTTOM OF THE 2ND |
|
Miami (APP) Marlins batting - Pitching for Chicago (APP) Cubs : RHP Masato Iwase
|
|
Batting: RHB Kazumi Inouye
|
0-0: Called Strike 0-1: Fly out, F7 (Flyball, 78S, EV 95.6 MPH)
|
|
Batting: RHB Robbie Gomez
|
0-0: Ball 1-0: Ball 2-0: Foul Ball, location: 2F 2-1: SINGLE (Groundball, 56D, EV 97.5 MPH)
|
|
Batting: RHB Francisco Valenzuela
|
0-0: Called Strike 0-1: Called Strike 0-2: Ball 1-2: Grounds into double play, 4-6-3 (Groundball, 4, EV 89.4 MPH)
|
| Bottom of the 2nd over - 0 runs, 1 hit, 0 errors, 0 left on base; Chicago (APP) 0 - Miami (APP) 2 |
| TOP OF THE 3RD |
|
Chicago (APP) Cubs batting - Pitching for Miami (APP) Marlins : RHP Santiago Navarro
|
|
Batting: SHB Rob Craft
|
0-0: Called Strike 0-1: Ball 1-1: Ball 2-1: Fly out, F7 (Line Drive, 7, EV 84.4 MPH)
|
|
Batting: LHB Wilhelm Myers
|
0-0: Foul Ball, location: 2F 0-1: Ball 1-1: Swinging Strike 1-2: Ball 2-2: Strikes out swinging
|
|
Batting: LHB Eddie Panagos
|
0-0: Called Strike 0-1: Ball 1-1: Called Strike 1-2: Strikes out swinging
|
| Top of the 3rd over - 0 runs, 0 hits, 0 errors, 0 left on base; Chicago (APP) 0 - Miami (APP) 2 |
| BOTTOM OF THE 3RD |
|
Miami (APP) Marlins batting - Pitching for Chicago (APP) Cubs : RHP Masato Iwase
|
|
Batting: RHB Axel Moltke
|
0-0: Swinging Strike 0-1: Ball 1-1: Ball 2-1: Swinging Strike 2-2: Foul Ball, location: 2F 2-2: Strikes out swinging
|
|
Batting: RHB Torquato Uso
|
0-0: Ball 1-0: Swinging Strike 1-1: Ball 2-1: Ball 3-1: SINGLE (Groundball, 56S, EV 73.8 MPH) (infield hit)
|
|
Batting: RHB Terrell Smith
|
0-0: Called Strike 0-1: Ball Passed Ball! Torquato Uso to second 1-1: Reached on error, E2 (Groundball, 2L, EV 70.6 MPH) Torquato Uso to third
|
|
Batting: RHB Clark Meagher
|
0-0: Ball 1-0: Ball Passed Ball! Torquato Uso scores Terrell Smith to second 2-0: Swinging Strike 2-1: Foul Ball, location: 2F 2-2: Foul Ball, location: 2F 2-2: Ball Passed Ball! Terrell Smith to third 3-2: Base on Balls
|
|
Batting: LHB Tony Olmos
|
0-0: Called Strike 0-1: Foul Ball, location: 2F 0-2: Foul Ball, location: 2F 0-2: Ball 1-2: Strikes out swinging
|
|
Batting: RHB David Martin
|
0-0: Ball 1-0: Foul Ball, location: 2F 1-1: Ball 2-1: Ball Passed Ball! Terrell Smith scores Clark Meagher to second 3-1: Base on Balls
|
|
Batting: RHB Kazumi Inouye
|
0-0: Ball Passed Ball! Clark Meagher to third David Martin to second 1-0: Ball 2-0: Ball 3-0: Base on Balls
|
|
Batting: RHB Robbie Gomez
|
0-0: Ball 1-0: Called Strike 1-1: Ball Passed Ball! Clark Meagher scores David Martin to third Kazumi Inouye to second 2-1: Swinging Strike 2-2: Ball 3-2: Base on Balls
|
|
Pitching: RHP Man-keung Li
|
|
|
Batting: RHB Francisco Valenzuela
|
0-0: Fielders Choice at 2nd, 5-4 (Groundball, 56, EV 78.8 MPH)
|
| Bottom of the 3rd over - 3 runs, 1 hit, 1 error, 3 left on base; Chicago (APP) 0 - Miami (APP) 5 |
| TOP OF THE 4TH |
|
Chicago (APP) Cubs batting - Pitching for Miami (APP) Marlins : RHP Santiago Navarro
|
|
Batting: SHB Jim Lloyd
|
0-0: Called Strike 0-1: Swinging Strike 0-2: Strikes out swinging
|
|
Batting: RHB Andy Villarreal
|
0-0: Ball 1-0: Ball 2-0: Called Strike 2-1: SINGLE (Line Drive, 4M, EV 105.6 MPH)
|
|
Batting: LHB Jose Mafano
|
0-0: Foul Ball, location: 2F 0-1: Called Strike 0-2: Strikes out swinging
|
|
Batting: RHB Andy Baumhardt
|
0-0: Swinging Strike 0-1: Called Strike Andy Villarreal steals 2nd base 0-2: Ball 1-2: Ball 2-2: Foul Ball, location: 2F 2-2: Ball 3-2: Foul Ball, location: 2F 3-2: Foul Ball, location: 2F 3-2: Strikes out swinging
|
| Top of the 4th over - 0 runs, 1 hit, 0 errors, 1 left on base; Chicago (APP) 0 - Miami (APP) 5 |
| BOTTOM OF THE 4TH |
|
Miami (APP) Marlins batting - Pitching for Chicago (APP) Cubs : RHP Man-keung Li
|
|
Batting: RHB Axel Moltke
|
0-0: Called Strike 0-1: Ball 1-1: Ball 2-1: Foul Ball, location: 2F 2-2: Fly out, F9 (Flyball, 89S, EV 91.9 MPH)
|
|
Batting: RHB Torquato Uso
|
0-0: Called Strike 0-1: Ball 1-1: Ball 2-1: Called Strike 2-2: Ball 3-2: Foul Ball, location: 2F 3-2: Base on Balls
|
|
Batting: RHB Terrell Smith
|
0-0: Called Strike Torquato Uso is caught stealing 2nd base 2-4 0-1: SINGLE (Groundball, 6MD, EV 102.5 MPH)
|
|
Batting: RHB Clark Meagher
|
0-0: Ball Terrell Smith is caught stealing 2nd base 2-4
|
| Bottom of the 4th over - 0 runs, 1 hit, 0 errors, 0 left on base; Chicago (APP) 0 - Miami (APP) 5 |
| TOP OF THE 5TH |
|
Chicago (APP) Cubs batting - Pitching for Miami (APP) Marlins : RHP Santiago Navarro
|
|
Batting: RHB Jorge Gonzalez
|
0-0: Swinging Strike 0-1: Called Strike 0-2: Ball 1-2: Strikes out swinging
|
|
Batting: RHB Lencho Otieno
|
0-0: Ball 1-0: Called Strike 1-1: Foul Ball, location: 2F 1-2: Hit by Pitch
|
|
Batting: SHB Rob Craft
|
0-0: Called Strike Lencho Otieno is caught stealing 2nd base 2-6 0-1: Ball 1-1: Foul Ball, location: 2F 1-2: Ball 2-2: Strikes out swinging
|
| Top of the 5th over - 0 runs, 0 hits, 0 errors, 0 left on base; Chicago (APP) 0 - Miami (APP) 5 |
| BOTTOM OF THE 5TH |
|
Miami (APP) Marlins batting - Pitching for Chicago (APP) Cubs : RHP Man-keung Li
|
|
Batting: RHB Clark Meagher
|
0-0: Called Strike 0-1: Ball 1-1: Foul Ball, location: 2F 1-2: Strikes out looking
|
|
Batting: LHB Tony Olmos
|
0-0: Called Strike 0-1: Ball 1-1: Foul Ball, location: 2F 1-2: Foul Ball, location: 2F 1-2: Strikes out swinging
|
|
Batting: RHB David Martin
|
0-0: Ball 1-0: Ball 2-0: Called Strike 2-1: Swinging Strike 2-2: Strikes out swinging, 2-3 out at first.
|
| Bottom of the 5th over - 0 runs, 0 hits, 0 errors, 0 left on base; Chicago (APP) 0 - Miami (APP) 5 |
| TOP OF THE 6TH |
|
Chicago (APP) Cubs batting - Pitching for Miami (APP) Marlins : RHP Santiago Navarro
|
|
Batting: LHB Wilhelm Myers
|
0-0: Foul Ball, location: 2F 0-1: Swinging Strike 0-2: Strikes out swinging
|
|
Batting: LHB Eddie Panagos
|
0-0: Swinging Strike 0-1: Called Strike 0-2: Ball 1-2: Strikes out swinging
|
|
Batting: SHB Jim Lloyd
|
0-0: Swinging Strike 0-1: Swinging Strike 0-2: Strikes out swinging
|
| Top of the 6th over - 0 runs, 0 hits, 0 errors, 0 left on base; Chicago (APP) 0 - Miami (APP) 5 |
| BOTTOM OF THE 6TH |
|
Miami (APP) Marlins batting - Pitching for Chicago (APP) Cubs : RHP Man-keung Li
|
|
Batting: RHB Kazumi Inouye
|
0-0: Called Strike 0-1: Ball 1-1: Foul Ball, location: 2F 1-2: Foul Ball, location: 2F 1-2: Ball 2-2: Ball 3-2: Strikes out swinging
|
|
Batting: RHB Robbie Gomez
|
0-0: SOLO HOME RUN (Flyball, 9D, EV 100.6 MPH), Distance : 387 ft
|
|
Batting: RHB Francisco Valenzuela
|
0-0: Ball 1-0: Called Strike 1-1: Fly out, F9 (Flyball, 9LS, EV 90.6 MPH)
|
|
Batting: RHB Axel Moltke
|
0-0: Ball 1-0: Ball 2-0: Ball 3-0: Called Strike 3-1: Base on Balls
|
|
Batting: RHB Torquato Uso
|
0-0: Ground out 4-3 (Groundball, 4, EV 83.1 MPH)
|
| Bottom of the 6th over - 1 run, 1 hit, 0 errors, 1 left on base; Chicago (APP) 0 - Miami (APP) 6 |
| TOP OF THE 7TH |
|
Chicago (APP) Cubs batting - Pitching for Miami (APP) Marlins : RHP Santiago Navarro
|
|
Batting: RHB Andy Villarreal
|
0-0: Ball 1-0: Ball 2-0: Ball 3-0: Base on Balls
|
|
Batting: LHB Jose Mafano
|
0-0: Foul Ball, location: 2F 0-1: Ball 1-1: Foul Ball, location: 2F 1-2: Strikes out swinging
|
|
Batting: RHB Andy Baumhardt
|
0-0: Foul Ball, location: 2F 0-1: Foul Ball, location: 2F 0-2: Strikes out swinging
|
|
Batting: RHB Jorge Gonzalez
|
0-0: Ball 1-0: Foul Ball, location: 2F 1-1: Ball 2-1: Ball 3-1: Called Strike 3-2: SINGLE (Line Drive, 4MD, EV 98.8 MPH) Andy Villarreal to second Andy Villarreal to third
|
|
Batting: RHB Lencho Otieno
|
0-0: Ball 1-0: Ball 2-0: Called Strike 2-1: Called Strike 2-2: Strikes out swinging
|
| Top of the 7th over - 0 runs, 1 hit, 0 errors, 2 left on base; Chicago (APP) 0 - Miami (APP) 6 |
| BOTTOM OF THE 7TH |
|
Miami (APP) Marlins batting - Pitching for Chicago (APP) Cubs : RHP Man-keung Li
|
|
Batting: RHB Terrell Smith
|
0-0: Foul Ball, location: 2F 0-1: Called Strike 0-2: Ball 1-2: Strikes out swinging
|
|
Batting: RHB Clark Meagher
|
0-0: Ball 1-0: Called Strike 1-1: Reached on error, E6 (Groundball, 6, EV 105.0 MPH)
|
|
Pitching: RHP Joshua Vincent
|
|
|
Batting: LHB Tony Olmos
|
0-0: Called Strike 0-1: Ball 1-1: Called Strike 1-2: Ball Clark Meagher steals 2nd base 2-2: Ball 3-2: Fly out, F5 (Popup, 5S, EV 81.9 MPH)
|
|
Batting: RHB David Martin
|
0-0: Ball Passed Ball! Clark Meagher to third 1-0: Foul Ball, location: 2F 1-1: Swinging Strike 1-2: 2-RUN HOME RUN (Line Drive, 9D, EV 96.9 MPH), Distance : 390 ft
|
|
Batting: RHB Kazumi Inouye
|
0-0: Called Strike 0-1: Ball 1-1: Swinging Strike 1-2: Ball 2-2: Strikes out swinging
|
| Bottom of the 7th over - 2 runs, 1 hit, 1 error, 0 left on base; Chicago (APP) 0 - Miami (APP) 8 |
| TOP OF THE 8TH |
|
Chicago (APP) Cubs batting - Pitching for Miami (APP) Marlins : RHP Santiago Navarro
|
|
Batting: SHB Rob Craft
|
0-0: Swinging Strike 0-1: Swinging Strike 0-2: Ball 1-2: Strikes out swinging
|
|
Batting: LHB Wilhelm Myers
|
0-0: Ball 1-0: DOUBLE (Line Drive, 5D, EV 94.4 MPH)
|
|
Pitching: RHP Carlos Segura
|
|
|
Batting: LHB Eddie Panagos
|
0-0: Called Strike 0-1: Swinging Strike 0-2: Ball 1-2: Strikes out looking
|
|
Batting: SHB Jim Lloyd
|
0-0: Foul Ball, location: 2F 0-1: Foul Ball, location: 2F 0-2: Ball 1-2: Strikes out swinging
|
| Top of the 8th over - 0 runs, 1 hit, 0 errors, 1 left on base; Chicago (APP) 0 - Miami (APP) 8 |
| BOTTOM OF THE 8TH |
|
Miami (APP) Marlins batting - Pitching for Chicago (APP) Cubs : RHP Joshua Vincent
|
|
Batting: RHB Robbie Gomez
|
0-0: Ball 1-0: Ball 2-0: Called Strike 2-1: Ball 3-1: Base on Balls
|
|
Batting: RHB Francisco Valenzuela
|
0-0: Foul Ball, location: 2F 0-1: TRIPLE (Line Drive, 89XD, EV 98.1 MPH) Robbie Gomez scores
|
|
Batting: RHB Axel Moltke
|
0-0: Ball Passed Ball! Francisco Valenzuela scores 1-0: Ball 2-0: Ball 3-0: Base on Balls
|
|
Batting: RHB Torquato Uso
|
0-0: SINGLE (Groundball, 6M, EV 101.9 MPH) (infield hit) Axel Moltke to second
|
|
Batting: RHB Terrell Smith
|
0-0: Called Strike 0-1: Called Strike 0-2: Foul Ball, location: 2F 0-2: Strikes out swinging
|
|
Batting: RHB Clark Meagher
|
0-0: Ball 1-0: Foul Ball, location: 2F 1-1: SINGLE (Line Drive, 9S, EV 98.1 MPH) Axel Moltke to third Torquato Uso to second Runner from 3rd tries for Home, throw by RF and OUT! 9-2
|
|
Batting: LHB Tony Olmos
|
0-0: Called Strike 0-1: Ball 1-1: Foul Ball, location: 2F 1-2: Fly out, F8 (Flyball, 8RD, EV 86.9 MPH)
|
| Bottom of the 8th over - 2 runs, 3 hits, 0 errors, 2 left on base; Chicago (APP) 0 - Miami (APP) 10 |
| TOP OF THE 9TH |
|
Chicago (APP) Cubs batting - Pitching for Miami (APP) Marlins : RHP Carlos Segura
|
|
Batting: RHB Andy Villarreal
|
0-0: Called Strike 0-1: Foul Ball, location: 2F 0-2: Foul Ball, location: 2F 0-2: Ball 1-2: Foul Ball, location: 2F 1-2: Foul Ball, location: 2F 1-2: Fly out, F4 (Popup, 34D, EV 57.5 MPH)
|
|
Batting: LHB Jose Mafano
|
0-0: Ball 1-0: Ball 2-0: Ball 3-0: Base on Balls
|
|
Pitching: RHP Freddie Robe
|
|
|
Batting: RHB Andy Baumhardt
|
0-0: Grounds into double play, 3-6-3 (Groundball, 34S, EV 80.0 MPH)
|
| Top of the 9th over - 0 runs, 0 hits, 0 errors, 0 left on base; Chicago (APP) 0 - Miami (APP) 10 |
|